 Dungeon Crawl Stone Soup version 0.31-a0-237-g2d982f9f85 (webtiles) character file.

Game seed: 8630437416304902986

77 qw the Shooter (level 4, -11/36 HPs)
             Began as a Minotaur Hexslinger on July 10, 2023.
             Mangled by an ogre
             ... wielding a +0 giant spiked club
              (17 damage)
             ... on level 3 of the Dungeon.
             The game lasted 00:00:43 (1673 turns).

qw the Shooter (Minotaur Hexslinger)                Turns: 1673, Time: 00:00:43

Health: -11/36     AC:  3    Str: 16    XL:     4   Next: 14%
Magic:  4/4        EV: 12    Int: 10    God:
Gold:   192        SH:  0    Dex: 15    Spells: 4/5 levels left

rFire   . . .        Y - +1 sling
rCold   . . .        (no shield)
rNeg    . . .        c - +0 robe
rPois   .            a - +1 hat of Erutaydd {Will+ Str+4 SInv}
rElec   .            (no cloak)
rCorr   .            (no gloves)
SInv    +            (no boots)
Will    +....        (no amulet)
Stlth   +            (no ring)
HPRegen 0.26/turn    (no ring)
MPRegen 0.09/turn

%: no passive effects
@: no status effects
A: horns 2, retaliatory headbutt
a: no special abilities


You were on level 3 of the Dungeon.
You visited 1 branch of the dungeon, and saw 3 of its levels.

You collected 192 gold pieces.


Innate Abilities, Weirdness & Mutations

You have a pair of horns on your head.
You reflexively headbutt those who attack you in melee.


   Skills:
 - Level 2.0 Fighting
 + Level 4.6 Ranged Weapons
 - Level 2.1 Dodging
 - Level 1.0 Spellcasting
 - Level 2.0 Hexes


You had 4 spell levels left.
You knew the following spells:

 Your Spells              Type           Power      Damage    Failure   Level
a - Slow                  Hex            16%        N/A       16%         1

Your spell library contained the following spells:

 Spells                   Type           Power      Damage    Failure   Level
 Inner Flame              Hex/Fire       2%         N/A       56%         3
 Portal Projectile        Hex/Tloc       4%         N/A       56%         3
 Cause Fear               Hex            2%         N/A       83%         4

Inventory:

Hand Weapons
 Y - a +1 sling (weapon)
Armour
 a - the +1 hat of Erutaydd (worn) {Will+ Str+4 SInv}
   (You acquired it on level 1 of the Dungeon)

   Str:       It affects your strength (+4).
   SInv:      It lets you see invisible.
   Will:      It increases your willpower.
 c - a +0 robe (worn)
Jewellery
 i - a +4 ring of slaying {mikee}
 k - a ring of see invisible
Scrolls
 h - a scroll of identify
Potions
 b - a potion of magic {unknown}
 d - a potion of attraction {unknown}
 e - a potion of might {unknown}
 f - a potion of curing
 g - a potion of lignification {unknown}
 j - a potion of berserk rage {unknown}

Dungeon Overview and Level Annotations

Branches:
Dungeon (3/15)

Altars:


Message History

The ogre is lightly wounded.
You shoot a sling bullet. The sling bullet hits the ogre.
The ogre is moderately wounded.
You shoot a sling bullet. The sling bullet hits the ogre.
The ogre is moderately wounded.
The ogre barely misses you.
You shoot a sling bullet.
The sling bullet hits the ogre but does no damage.
The ogre is moderately wounded.
You shoot a sling bullet.
The sling bullet barely misses the ogre.
The ogre barely misses you.
You shoot a sling bullet. The sling bullet hits the ogre.
The ogre is heavily wounded.
The ogre closely misses you.
You shoot a sling bullet. The sling bullet hits the ogre.
The ogre is heavily wounded.
The ogre hits you with a +0 giant spiked club!!
Ouch! That really hurt!
You shoot a sling bullet. The sling bullet hits the ogre.
The ogre is severely wounded.
You shoot a sling bullet.
The sling bullet barely misses the ogre.
The ogre barely misses you.
You shoot a sling bullet.
The sling bullet barely misses the ogre.
The ogre barely misses you.
You shoot a sling bullet. The sling bullet hits the ogre.
The ogre is severely wounded.
The ogre closely misses you.
You shoot a sling bullet.
The sling bullet hits the ogre but does no damage.
The ogre is severely wounded.
The ogre misses you.
You shoot a sling bullet.
The sling bullet closely misses the ogre.
You shoot a sling bullet. The sling bullet hits the ogre.
The ogre is almost dead.
The ogre hits you with a +0 giant spiked club!
You die...

#.... #.#.# #.#.#
#.#.# #+# #.#.# #.#
#.#.# #.# #O#.###.#
####.## #.@.....#
#.....## ###.#####
#....... ####.#
#.#...##
#....########.##.##
#.##..........##.#
# #############.#
#.# #.# #.#


You could see an ogre.

Vanquished Creatures
  3 adders
  A worm (D:2)
  A dart slug (D:1)
  2 ball pythons
  5 bats
  An endoplasm (D:1)
  A giant cockroach (D:2)
  7 goblins
  5 hobgoblins
  6 jackals
  A kobold (D:1)
  A quokka (D:1)
  2 frilled lizards (D:1)
  6 rats
42 creatures vanquished.

Notes
Turn   | Place    | Note
-------+----------+-------------------------------------------
     0 | D:1      | qw the Minotaur Hexslinger began the quest for the Orb.
     0 | D:1      | Reached XP level 1. HP: 16/16 MP: 1/1
     0 | D:1      | 0 ||| qw: Version: 0.3-a-52-g30416fa
     0 | D:1      | 0 ||| qw: Game counter: 5331
     0 | D:1      | 0 ||| qw: Melee chars always use a shield: true
     0 | D:1      | 0 ||| qw: God list: Okawaru
     0 | D:1      | 0 ||| qw: Allow faded altars: false
     0 | D:1      | 0 ||| qw: Do Orc after clearing Dungeon:15 true
     0 | D:1      | 0 ||| qw: Do second Lair branch before Depths: true
     0 | D:1      | 0 ||| qw: Lair rune preference: random
     0 | D:1      | 0 ||| qw: Goals: Normal
     0 | D:1      | 0 ||| PLANNING D:1-11
   162 | D:1      | Reached skill level 3 in Ranged Weapons
   169 | D:1      | Reached XP level 2. HP: 13/23 MP: 2/2
   577 | D:1      | 577 ||| FLEEEEING.
   578 | D:1      | 578 ||| FLEEEEING.
   579 | D:1      | 579 ||| FLEEEEING.
   580 | D:1      | 580 ||| FLEEEEING.
   581 | D:1      | 581 ||| FLEEEEING.
   582 | D:1      | 582 ||| FLEEEEING.
   583 | D:1      | 583 ||| FLEEEEING.
   584 | D:1      | 584 ||| FLEEEEING.
   585 | D:1      | 585 ||| FLEEEEING.
   586 | D:1      | 586 ||| FLEEEEING.
   587 | D:1      | 587 ||| FLEEEEING.
   900 | D:1      | Reached XP level 3. HP: 29/29 MP: 3/3
   983 | D:1      | 983 ||| UPGRADING to +1 hat.
   988 | D:1      | 988 ||| READING scroll labelled IHEEQE SOYGHO.
   988 | D:1      | Identified a scroll of acquirement
   988 | D:1      | 988 ||| ACQUIRING +1 hat of Erutaydd {Will+ Str+4 SInv}
   988 | D:1      | Acquired the +1 hat of Erutaydd {Will+ Str+4 SInv}
   990 | D:1      | 990 ||| UPGRADING to +1 hat of Erutaydd {Will+ Str+4 SInv}.
  1000 | D:1      | 1000 ||| DROPPING +1 hat.
  1001 | D:1      | 1001 ||| READING scroll labelled PAEB WOTEK.
  1002 | D:1      | 1002 ||| DRINKING 2 orange potions.
  1003 | D:1      | 1003 ||| DRINKING 2 bubbling purple potions.
  1004 | D:1      | 1004 ||| DROPPING scroll of poison.
  1086 | D:2      | 1086 ||| READING scroll labelled FUMOTZ NEJI.
  1088 | D:2      | 1088 ||| FLEEEEING.
  1089 | D:2      | 1089 ||| FLEEEEING.
  1090 | D:2      | 1090 ||| FLEEEEING.
  1091 | D:2      | 1091 ||| FLEEEEING.
  1092 | D:2      | 1092 ||| FLEEEEING.
  1093 | D:2      | 1093 ||| FLEEEEING.
  1094 | D:2      | 1094 ||| FLEEEEING.
  1095 | D:2      | 1095 ||| FLEEEEING.
  1096 | D:2      | 1096 ||| FLEEEEING.
  1097 | D:2      | 1097 ||| FLEEEEING.
  1098 | D:2      | 1098 ||| FLEEEEING.
  1099 | D:2      | 1099 ||| FLEEEEING.
  1100 | D:2      | 1100 ||| FLEEEEING.
  1101 | D:2      | 1101 ||| FLEEEEING.
  1102 | D:2      | 1102 ||| FLEEEEING.
  1103 | D:2      | 1103 ||| FLEEEEING.
  1104 | D:2      | 1104 ||| FLEEEEING.
  1105 | D:2      | 1105 ||| FLEEEEING.
  1106 | D:2      | 1106 ||| FLEEEEING.
  1107 | D:2      | 1107 ||| FLEEEEING.
  1108 | D:2      | 1108 ||| FLEEEEING.
  1109 | D:2      | 1109 ||| FLEEEEING.
  1110 | D:2      | 1110 ||| FLEEEEING.
  1111 | D:2      | 1111 ||| FLEEEEING.
  1112 | D:2      | 1112 ||| FLEEEEING.
  1113 | D:2      | 1113 ||| FLEEEEING.
  1114 | D:2      | 1114 ||| STAIRDANCE
  1207 | D:2      | Found a faded altar of an unknown god.
  1237 | D:2      | Reached skill level 4 in Ranged Weapons
  1240 | D:2      | HP: 7/29 [poisoned by a hobgoblin]
  1245 | D:2      | HP: 3/29 [poisoned by a hobgoblin]
  1263 | D:2      | 1263 ||| DRINKING potion of heal wounds.
  1271 | D:2      | Identified the +8 whip "Qiurach" {flame, rN+ Dex+5}
  1492 | D:2      | 1492 ||| READING scroll labelled CUMEITYEGG.
  1493 | D:2      | 1493 ||| READING scroll labelled LORCHA YPECW.
  1494 | D:2      | 1494 ||| READING scroll labelled BIRINNESIONI.
  1583 | D:3      | Reached XP level 4. HP: 36/36 MP: 4/4
  1659 | D:3      | Noticed an ogre
  1666 | D:3      | HP: 3/36 [ogre/+0 giant spiked club (33)]
  1673 | D:3      | Mangled by an ogre

Levels and vault maps discovered:
D:1:      minmay_arrival_four_houses, layout_loops_corners,
          roderic_serpentine_path
D:2:      layout_rooms, ebering_ecumenical_altar_rust, nicolae_the_louvre
D:3:      minmay_wonky_spiral, layout_loops_corners, led_sif_pool,
          kennysheep_flooded_box, uniq_sigmund

Skill      XL: |  1  2  3 |
---------------+----------+-----
Ranged Weapons | 3 4 |  4.6
Fighting       | 2 |  2.0
Dodging        | |  2.1
Spellcasting   | |  1.0
Hexes          | |  2.0

Action                     |  1- 3 |  4- 6 || total
---------------------------+-------+-------++-------
   Fire: Sling             |   111 |    19 ||   130
    Use: Scroll            |     6 |       ||     6
         Potion            |     3 |       ||     3
 Armour: Robe              |    10 |     1 ||    11
  Dodge: Dodged            |    36 |     8 ||    44

Table legend:
 A = Non-vault XP
 B = Vault XP
 C = Vault XP percentage of total XP
 D = Non-vault monster count
 E = Vault monster count
 F = Vault count percentage of total count
                 A         B        C        D         E       F
            +---------+---------+-------+---------+---------+-------
      Total |     111 |       0 |   0.0 |      42 |       0 |   0.0
            +---------+---------+-------+---------+---------+-------
        D:1 |      41 |       0 |   0.0 |      23 |       0 |   0.0
        D:2 |      34 |       0 |   0.0 |      12 |       0 |   0.0
        D:3 |      36 |       0 |   0.0 |       7 |       0 |   0.0
            +---------+---------+-------+---------+---------+-------
